 Dungeon Crawl Stone Soup version 0.25.1-2-g60ff931df9 (webtiles) character file.

Game seed: 7855435917432571027

6 lepoulpe303 the Sneak (level 1, -2/9 HPs)
             Began as a Spriggan Earth Elementalist on Sept 7, 2020.
             Slain by a hobgoblin (5 damage)
             ... on level 1 of the Dungeon.
             The game lasted 00:01:02 (177 turns).

lepoulpe303 the Sneak (Spriggan Earth Elementalist)  Turns: 177, Time: 00:01:03

Health: -2/9       AC:  2    Str:  4    XL:     1   Next: 75%
Magic:  5/5        EV: 18    Int: 16    God:
Gold:   11         SH:  0    Dex: 16    Spells: 4/5 levels left

rFire    . . .     SeeInvis +   a - +0 dagger
rCold    . . .     Gourm    .   (shield restricted)
rNeg     . . .     Faith    .   c - +0 robe
rPois    .         Spirit   .   (helmet restricted)
rElec    .         Reflect  .   (no cloak)
rCorr    .         Harm     .   (gloves unavailable)
MR       .....                  (boots unavailable)
Stlth    ++........             (no amulet)
HPRegen  0.03/turn              (no ring)
MPRegen  0.09/turn              (no ring)

@: very quick
A: very small, unfitting armour, see invisible, herbivore, speed 3, slow
metabolism 2
a: no special abilities


You were on level 1 of the Dungeon.
You were not hungry.

You visited 1 branch of the dungeon, and saw 1 of its levels.

You collected 11 gold pieces.

Inventory:

Hand Weapons
 a - a +0 dagger (weapon)
Missiles
 Q - 49 stones (quivered)
Armour
 c - a +0 robe (worn)
Comestibles
 e - a ration


   Skills:
 + Level 0.1 Short Blades
 + Level 3.1 Dodging
 + Level 3.2 Stealth
 * Level 2.9 Spellcasting
   Level 1.3 Transmutations
 * Level 2.8 Earth Magic


You had 4 spell levels left.
You knew the following spells:

 Your Spells              Type           Power        Failure   Level  Hunger
a - Sandblast             Erth           ##....       6%          1    #......

Your spell library contained the following spells:

 Spells                   Type           Power        Failure   Level  Hunger
 Passwall                 Tmut/Erth      #.......     12%         2    ##.....
 Stone Arrow              Conj/Erth      #.....       32%         3    ###....
 Petrify                  Tmut/Erth      #.......     61%         4    #####..
 Lee's Rapid Deconstruct  Erth           ##........   85%         5    ######.


Dungeon Overview and Level Annotations

Branches:
Dungeon (1/15)

Altars:


Innate Abilities, Weirdness & Mutations

You are very small and have problems with some larger weapons.
You are too small for most types of armour.
You have supernaturally acute eyesight. (SInv)
You are a herbivore.
You cover ground extremely quickly.
You need to consume almost no food.


Message History

You hit the hobgoblin but do no damage. The hobgoblin completely misses you.
You hit the hobgoblin but do no damage. The hobgoblin misses you.
You barely miss the hobgoblin. The hobgoblin hits you.
* * * LOW HITPOINT WARNING * * *
You take 2 damage, and have 3/9 hp.
MASSIVE DAMAGE!!
You hit the hobgoblin. The hobgoblin completely misses you.
You barely miss the hobgoblin.
The hobgoblin hits you but does no damage.
You barely miss the hobgoblin. The hobgoblin completely misses you.
You barely miss the hobgoblin. The hobgoblin hits you.
* * * LOW HITPOINT WARNING * * *
You take 1 damage, and have 2/9 hp.
You closely miss the hobgoblin. The hobgoblin barely misses you.
You hit the hobgoblin. The hobgoblin barely misses you.
You hit the hobgoblin but do no damage. The hobgoblin barely misses you.
You barely miss the hobgoblin. The hobgoblin misses you.
You closely miss the hobgoblin. The hobgoblin hits you.
Ouch! That really hurt!
You die...

........####....##.#.....#
......g.........##.#####.#
#(####...###.# #.#
#.#......# #.#####..
####.#.####.# #........
#...(..)..#.# #########
#####.##.#..).#.#
#......#.######.#
#.###.##Kg@.....# #†#
#.########### #.# #.#
#.###.# #.....# #.###.#
#.# #.# ### ###


You could see a hobgoblin and a kobold.

Levels and vault maps discovered:
D:1:      dpeg_arrival_tiny_a, layout_basic

Notes
Turn   | Place    | Note
-------+----------+-------------------------------------------
     0 | D:1      | lepoulpe303 the Spriggan Earth Elementalist began the quest
                  | for the Orb.
     0 | D:1      | Reached XP level 1. HP: 9/9 MP: 5/5
    44 | D:1      | Identified a +0 dagger
   102 | D:1      | Identified a +0 dagger
   172 | D:1      | HP: 2/9 [hobgoblin (1)]
   177 | D:1      | Slain by a hobgoblin

Table legend:
 A = Turns spent in this place as a percentage of turns spent in the entire game.
 B = Non-inter-level travel turns spent in this place as a percentage of non-inter-level travel turns spent in the entire game.
 C = Inter-level travel turns spent in this place as a percentage of turns spent in this place.
 D = Turns resting spent in this place as a percentage of non-inter-level travel turns spent in this place.
 E = Turns spent auto-exploring this place as a percentage of non-inter-level travel turns spent in this place.
 F = Non-inter-level travel turns spent in this place divided by the number of levels of this place that you've seen.
                   A       B       C       D       E      F
               +-------+-------+-------+-------+-------+----------------------
         Total | 100.0 | 100.0 |   0.0 |  20.3 |  40.7 | 177.0
       Dungeon | 100.0 | 100.0 |   0.0 |  20.3 |  40.7 | 177.0
               +-------+-------+-------+-------+-------+----------------------

Table legend:
 A = Kills in this place as a percentage of kills in entire the game.
 B = Kills by you in this place as a percentage of kills by you in the entire game.
 C = Kills by friends in this place as a percentage of kills by friends in the entire game.
 D = Other kills in this place as a percentage of other kills in the entire game.
 E = Experience gained in this place as a percentage of experience gained in the entire game.
 F = Experience gained in this place divided by the number of levels of this place that you have seen.
                   A       B       C       D       E      F
               +-------+-------+-------+-------+-------+----------------------
         Total | 100.0 | 100.0 |   N/A |   N/A | 100.0 |   9.0
       Dungeon | 100.0 | 100.0 |   N/A |   N/A | 100.0 |   9.0
               +-------+-------+-------+-------+-------+----------------------

Action                   || total
-------------------------++-------
Melee: Dagger            ||    32
 Cast: Sandblast         ||     3
 Stab: Sleeping          ||     2
Armor: Robe              ||     3
Dodge: Dodged            ||    22

Vanquished Creatures
  A dart slug (D:1)
  A giant cockroach (D:1)
  A bat (D:1)
  A goblin (D:1)
  A kobold (D:1)
5 creatures vanquished.
